 Dungeon Sprint DCSS version 0.28-a0-97-g102d6777a4 (webtiles) character file.

Game seed: 16883415731935610007

9 MikeHunt the Charlatan (level 2, -3/26 HPs)
             Began as a Troll Artificer on Aug 9, 2021.
             Splashed by an oklob sapling's acid (17 damage)
             ... in the Dungeon (Sprint IV: "Fedhas' Mad Dash").
             The game lasted 00:00:43 (34 turns).

MikeHunt the Charlatan (Troll Artificer)              Turns: 34, Time: 00:00:44

Health: -3/26      AC:  4    Str: 19    XL:     2   Next: 6%
Magic:  1/1        EV: 10    Int:  7    God:
Gold:   0          SH:  0    Dex: 10    Spells: 1/1 levels left

rFire   . . .      SeeInvis .     - Unarmed
rCold   . . .      Faith    .   (no shield)
rNeg    . . .      Spirit   .   b - +0 robe
rPois   .          Reflect  .   (helmet restricted)
rElec   .          Harm     .   (no cloak)
rCorr   .          Rampage  .   (gloves unavailable)
Will    .....      NoTele   +   (boots unavailable)
Stlth   +.........              (no amulet)
HPRegen 1.08/turn               (no ring)
MPRegen 0.07/turn               (no ring)

@: no status effects
A: large, unfitting armour, claws 3, regeneration 1, shaggy fur 1, tough skin 1
a: no special abilities


You were in the Dungeon.
You visited 1 branch

Inventory:

Armour
 b - a +0 robe (worn)
Jewellery
 a - an amulet of the acrobat
Wands
 c - a wand of flame (7) (quivered)
 d - a wand of charming (15)
Scrolls
 k - a scroll of blinking
Potions
 f - a potion of curing
 g - a potion of heal wounds
 h - a potion of haste
 i - 2 potions of magic
 j - a potion of berserk rage
Miscellaneous
 e - a piece from Xom's chessboard (15/15)


   Skills:
 - Level 0.7 Fighting
 + Level 2.7 Dodging
 - Level 0.3 Stealth
 + Level 2.1 Unarmed Combat
 + Level 2.8 Evocations


You had one spell level left.
You didn't know any spells.
Your spell library was empty.

Dungeon Overview and Level Annotations

Branches:
Dungeon (1/1)

Altars:

Annotations:
D exclusion: oklob sapling


Innate Abilities, Weirdness & Mutations

You are too large for most types of armour.
You have claws for hands.
Your natural rate of healing is unusually fast.
You are covered in fur. (AC +1)
You have tough skin. (AC +1)


Message History

You claw the rat!
You kill the rat!
There is an open door here.
a - an amulet of the acrobat You open the door.
Found 29 gold pieces.
An oklob sapling comes into view.
Marking area around an oklob sapling as unsafe for travelling.
Found 12 gold pieces.
There is an open door here.
Unknown command.
Aiming: Throw Flame
Press: ? - help, Shift-Dir - straight line, f - oklob sapling
Aim: an oklob sapling (100% to hit)
The puff of flame hits the oklob sapling.
The oklob sapling is lightly damaged.
Aiming: Throw Flame
Press: ? - help, Shift-Dir - straight line, f/p - oklob sapling
Aim: an oklob sapling (lightly damaged, 100% to hit)
The puff of flame hits the oklob sapling.
The oklob sapling is heavily damaged.
Aiming: Throw Flame
Press: ? - help, Shift-Dir - straight line, f/p - oklob sapling
Aim: an oklob sapling (heavily damaged, 100% to hit)
The puff of flame hits the oklob sapling but does no damage.
The oklob sapling is heavily damaged.
Aiming: Throw Flame
Press: ? - help, Shift-Dir - straight line, f/p - oklob sapling
Aim: an oklob sapling (heavily damaged, 100% to hit)
The puff of flame hits the oklob sapling.
The oklob sapling is severely damaged.
Aiming: Throw Flame
Press: ? - help, Shift-Dir - straight line, f/p - oklob sapling
Aim: an oklob sapling (severely damaged, 100% to hit)
The puff of flame hits the oklob sapling.
The oklob sapling is almost destroyed.
The oklob sapling spits acid at you. The splash of acid hits you!
You are splashed with acid!
Ouch! That really hurt!
You die...

##################
#<..†#.....#.$$$$#
#PP.)'.....@.#
#PPPP#.....#P#
##############


You could see an oklob sapling.

Vanquished Creatures
  A river rat (D)
  A rat (D)
2 creatures vanquished.

Vanquished Creatures (others)
  A fungus (D)
1 creature vanquished.

Grand Total: 3 creatures vanquished

Notes
Turn   | Place    | Note
-------+----------+-------------------------------------------
     0 | D        | MikeHunt the Troll Artificer began the quest for the Orb.
     0 | D        | Reached XP level 1. HP: 18/18 MP: 0/0
    17 | D        | Reached XP level 2. HP: 23/26 MP: 1/1
    29 | D        | Noticed an oklob sapling
    34 | D        | Splashed by an oklob sapling's acid

Illustrated notes

Levels and vault maps discovered:
D:        dungeon_sprint_fedhas [sprint_temple]

Skill      XL: |  1 |
---------------+----+-----
Dodging        | 2 |  2.7
Unarmed Combat | 2 |  2.1
Fighting       | |  0.7
Stealth        | |  0.3
Evocations     | |  2.8

Action                   || total
-------------------------++-------
Melee: Unarmed           ||     9
       Club              ||     1
Evoke: Wand              ||     8
Dodge: Dodged            ||     9

Table legend: (Time is in decaauts)
 A = Elapsed time spent in this place.
 B = Non-inter-level travel time spent in this place.
 C = Inter-level travel time spent in this place.
 D = Time resting spent in this place.
 E = Time spent auto-exploring this place.
 F = Levels seen in this place.
 G = Mean time per level.
                   A        B        C        D        E       F      G
               +--------+--------+--------+--------+--------+-----+--------+
         Total |     34 |     34 |      0 |      0 |      0 |   1 |   34.0 |
       Dungeon |     34 |     34 |      0 |      0 |      0 |   1 |   34.0 |
               +--------+--------+--------+--------+--------+-----+--------+

Top non-repeatable levels by time:
       D: 34 daAuts
